NCAA
PURDUE BOILERMAKERS @ ALABAMA CRIMSON TIDE
05/23/2023
 
TOP OF THE 1ST
Purdue Boilermakers batting - Pitching for Alabama Crimson Tide : RHP Brian Just
Pitching: RHP Brian Just
Batting: RHB Juan Castillo 0-0: Called Strike
0-1: Swinging Strike
0-2: Ground out 6-3 (Groundball, 6)
Batting: LHB Ray Bryant 0-0: Bunt for hit - play at first, batter OUT! 1-3
Batting: RHB John Martin 0-0: Called Strike
0-1: Foul Ball, location: 2F
0-2: Ball
1-2: Strikes out swinging
Top of the 1st over - 0 run(s), 0 hit(s), 0 error(s), 0 left on base; Purdue 0 - Alabama 0
BOTTOM OF THE 1ST
Alabama Crimson Tide batting - Pitching for Purdue Boilermakers : RHP Drake Williams
Pitching: RHP Drake Williams
Batting: LHB Raúl Morales 0-0: Ball
1-0: Foul Ball, location: 2F
1-1: Called Strike
1-2: Ball
2-2: Strikes out swinging
Batting: LHB Carlos Osorio 0-0: SINGLE (Line Drive, 78S)
Batting: LHB Mike Godfrey 0-0: Ball
1-0: Ball
2-0: Grounds out, U3 (Groundball, 3L)
Batting: LHB Davey Davis 0-0: Called Strike
0-1: Ball
1-1: Hit by Pitch
Batting: LHB Miguel Colón 0-0: Fly out, F7 (Popup, 56D)
Bottom of the 1st over - 0 run(s), 1 hit(s), 0 error(s), 2 left on base; Purdue 0 - Alabama 0
TOP OF THE 2ND
Purdue Boilermakers batting - Pitching for Alabama Crimson Tide : RHP Brian Just
Batting: LHB Richard Brooks 0-0: Ball
1-0: Called Strike
1-1: Foul Ball, location: 2F
1-2: Ball
2-2: Foul Ball, location: 2F
2-2: Ground out 4-3 (Groundball, 4)
Batting: RHB Norm Scott 0-0: Ball
1-0: Ball
2-0: Fly out, F9 (Flyball, 9M)
Batting: RHB Glenn Broadwater 0-0: Ball
1-0: Called Strike
1-1: Ball
2-1: Swinging Strike
2-2: Ball
3-2: Foul Ball, location: 2F
3-2: Foul Ball, location: 2F
3-2: Base on Balls
Batting: SHB Ben Summers 0-0: Called Strike
0-1: Ball
1-1: Ball
2-1: Foul Ball, location: 2F
2-2: Strikes out swinging
Top of the 2nd over - 0 run(s), 0 hit(s), 0 error(s), 1 left on base; Purdue 0 - Alabama 0
BOTTOM OF THE 2ND
Alabama Crimson Tide batting - Pitching for Purdue Boilermakers : RHP Drake Williams
Batting: RHB Eddie Howell 0-0: Called Strike
0-1: Foul Ball, location: 2F
0-2: Ball
1-2: Ball
2-2: Foul Ball, location: 2F
2-2: SINGLE (Groundball, 56D)
Batting: RHB Gerald Johnson 0-0: Called Strike
0-1: Ball
1-1: Ball
2-1: Called Strike
2-2: Strikes out swinging
Batting: RHB Bob Johnson 0-0: Ball
1-0: Swinging Strike
1-1: Foul Ball, location: 2F
1-2: Foul Ball, location: 2F
1-2: Fielders Choice at 2nd, 6-4 (Groundball, 6M)
Batting: SHB Shane Hutchinson 0-0: Ball
1-0: Ball
2-0: Called Strike
2-1: Ball
3-1: Swinging Strike
3-2: SINGLE (Groundball, 4)
Bob Johnson to second
Bob Johnson to third
Batting: LHB Raúl Morales 0-0: Ball
1-0: Called Strike
1-1: Ball
2-1: Called Strike
2-2: Foul Ball, location: 2F
2-2: Ball
3-2: SINGLE (Groundball, 34D)
Bob Johnson scores
Shane Hutchinson to second
Shane Hutchinson to third
Batting: LHB Carlos Osorio 0-0: Called Strike
0-1: Ball
1-1: Ball
2-1: Fly out, F8 (Popup, 4MD)
Bottom of the 2nd over - 1 run(s), 3 hit(s), 0 error(s), 2 left on base; Purdue 0 - Alabama 1
TOP OF THE 3RD
Purdue Boilermakers batting - Pitching for Alabama Crimson Tide : RHP Brian Just
Batting: RHB Jeff Mason 0-0: Ball
1-0: Ball
2-0: Ground out 5-3 (Groundball, 5L)
Batting: RHB Bill Crawley 0-0: SINGLE (Groundball, 4MD)
Batting: RHB Juan Castillo 0-0: Grounds into double play, 5-4-3 (Groundball, 56)
Top of the 3rd over - 0 run(s), 1 hit(s), 0 error(s), 0 left on base; Purdue 0 - Alabama 1
BOTTOM OF THE 3RD
Alabama Crimson Tide batting - Pitching for Purdue Boilermakers : RHP Drake Williams
Batting: LHB Mike Godfrey 0-0: Ground out 6-3 (Groundball, 6)
Batting: LHB Davey Davis 0-0: Ground out 4-3 (Groundball, 4)
Batting: LHB Miguel Colón 0-0: Ball
1-0: Foul Ball, location: 2F
1-1: Fly out, F8 (Flyball, 8RM)
Bottom of the 3rd over - 0 run(s), 0 hit(s), 0 error(s), 0 left on base; Purdue 0 - Alabama 1
TOP OF THE 4TH
Purdue Boilermakers batting - Pitching for Alabama Crimson Tide : RHP Brian Just
Batting: LHB Ray Bryant 0-0: Called Strike
0-1: Called Strike
0-2: Foul Ball, location: 2F
0-2: Ball
1-2: Ground out 5-3 (Groundball, 56S)
Batting: RHB John Martin 0-0: Ball
1-0: Foul Ball, location: 2F
1-1: Foul Ball, location: 2F
1-2: Foul Ball, location: 2F
1-2: Ball
2-2: Foul Ball, location: 2F
2-2: Ground out 6-3 (Groundball, 56)
Batting: LHB Richard Brooks 0-0: Ball
1-0: Called Strike
1-1: Ball
2-1: Ball
3-1: Foul Ball, location: 2F
3-2: Base on Balls
Batting: RHB Norm Scott 0-0: Called Strike
0-1: Ball
1-1: Ball
2-1: Foul Ball, location: 2F
2-2: Ground out 6-3 (Groundball, 6)
Top of the 4th over - 0 run(s), 0 hit(s), 0 error(s), 1 left on base; Purdue 0 - Alabama 1
BOTTOM OF THE 4TH
Alabama Crimson Tide batting - Pitching for Purdue Boilermakers : RHP Drake Williams
Batting: RHB Eddie Howell 0-0: Ball
1-0: Foul Ball, location: 2F
1-1: Fly out, F7 (Flyball, 7LD)
Batting: RHB Gerald Johnson 0-0: Foul Ball, location: 2F
0-1: Ball
1-1: Ball
2-1: Foul Ball, location: 2F
2-2: Ball
3-2: Strikes out swinging
Batting: RHB Bob Johnson 0-0: Called Strike
0-1: Ball
1-1: Ball
2-1: Foul Ball, location: 2F
2-2: Ground out 5-3 (Groundball, 5L)
Bottom of the 4th over - 0 run(s), 0 hit(s), 0 error(s), 0 left on base; Purdue 0 - Alabama 1
TOP OF THE 5TH
Purdue Boilermakers batting - Pitching for Alabama Crimson Tide : RHP Brian Just
Batting: RHB Glenn Broadwater 0-0: Fly out, F8 (Flyball, 8LM)
Batting: SHB Ben Summers 0-0: Ball
1-0: Ball
2-0: Ball
3-0: Called Strike
3-1: Ground out 4-3 (Groundball, 34)
Batting: RHB Jeff Mason 0-0: Fly out, F8 (Flyball, 89M)
Top of the 5th over - 0 run(s), 0 hit(s), 0 error(s), 0 left on base; Purdue 0 - Alabama 1
BOTTOM OF THE 5TH
Alabama Crimson Tide batting - Pitching for Purdue Boilermakers : RHP Drake Williams
Batting: SHB Shane Hutchinson 0-0: Called Strike
0-1: Ball
1-1: Foul Ball, location: 2F
1-2: Ball
2-2: Strikes out swinging
Batting: LHB Raúl Morales 0-0: Ball
1-0: Ground out U3 (Groundball, 3S)
Batting: LHB Carlos Osorio 0-0: Ball
1-0: Fly out, F8 (Flyball, 89M)
Bottom of the 5th over - 0 run(s), 0 hit(s), 0 error(s), 0 left on base; Purdue 0 - Alabama 1
TOP OF THE 6TH
Purdue Boilermakers batting - Pitching for Alabama Crimson Tide : RHP Brian Just
Batting: RHB Bill Crawley 0-0: Called Strike
0-1: Ball
1-1: Foul Ball, location: 2F
1-2: Hit by Pitch
Batting: RHB Juan Castillo 0-0: Called Strike
0-1: Foul Ball, location: 2F
0-2: Grounds into double play, 6-4-3 (Groundball, 6)
Batting: LHB Ray Bryant 0-0: Ball
1-0: Called Strike
1-1: Called Strike
1-2: Ground out 4-3 (Groundball, 4M)
Top of the 6th over - 0 run(s), 0 hit(s), 0 error(s), 0 left on base; Purdue 0 - Alabama 1
BOTTOM OF THE 6TH
Alabama Crimson Tide batting - Pitching for Purdue Boilermakers : RHP Drake Williams
Batting: LHB Mike Godfrey 0-0: Swinging Strike
0-1: Ball
1-1: Ball
2-1: Swinging Strike
2-2: Ground out 6-3 (Groundball, 6)
Batting: LHB Davey Davis 0-0: Called Strike
0-1: SOLO HOME RUN (Line Drive, 78XD), Distance : 366 ft
Pitching: RHP Scot Wright
Batting: LHB Miguel Colón 0-0: Called Strike
0-1: Ground out 6-3 (Groundball, 6)
Batting: RHB Eddie Howell 0-0: Called Strike
0-1: Ball
1-1: Ball
2-1: Foul Ball, location: 2F
2-2: Ball
3-2: Base on Balls
Batting: RHB Gerald Johnson 0-0: Called Strike
0-1: Called Strike
0-2: Ball
1-2: Ball
2-2: Foul Ball, location: 2F
2-2: Fly out, F7 (Flyball, 7M)
Bottom of the 6th over - 1 run(s), 1 hit(s), 0 error(s), 1 left on base; Purdue 0 - Alabama 2
TOP OF THE 7TH
Purdue Boilermakers batting - Pitching for Alabama Crimson Tide : RHP Brian Just
Batting: RHB John Martin 0-0: Ball
1-0: Ball
2-0: Foul Ball, location: 2F
2-1: Foul Ball, location: 2F
2-2: Foul Ball, location: 2F
2-2: Strikes out swinging
Pitching: RHP Logan Villiers
Batting: LHB Richard Brooks 0-0: Called Strike
0-1: Ball
1-1: Fly out, F7 (Flyball, 78M)
Batting: RHB Norm Scott 0-0: Swinging Strike
0-1: Foul Ball, location: 2F
0-2: Ball
1-2: Foul Ball, location: 2F
1-2: Strikes out looking
Top of the 7th over - 0 run(s), 0 hit(s), 0 error(s), 0 left on base; Purdue 0 - Alabama 2
BOTTOM OF THE 7TH
Alabama Crimson Tide batting - Pitching for Purdue Boilermakers : RHP Scot Wright
Batting: RHB Bob Johnson 0-0: Ball
1-0: Fly out, F9 (Flyball, 9M)
Batting: SHB Shane Hutchinson 0-0: Called Strike
0-1: Ball
1-1: Called Strike
1-2: Foul Ball, location: 2F
1-2: Ball
2-2: Ball
3-2: Base on Balls
Batting: LHB Raúl Morales 0-0: Ball
Shane Hutchinson is caught stealing 2nd base
1-0: Called Strike
1-1: Foul Ball, location: 2F
1-2: Fly out, F7 (Line Drive, 78M)
Bottom of the 7th over - 0 run(s), 0 hit(s), 0 error(s), 0 left on base; Purdue 0 - Alabama 2
TOP OF THE 8TH
Purdue Boilermakers batting - Pitching for Alabama Crimson Tide : RHP Logan Villiers
Now at C: Wally Brandt
Batting: RHB Glenn Broadwater 0-0: Called Strike
0-1: Ball
1-1: Foul Ball, location: 2F
1-2: Ball
2-2: Ball
3-2: Base on Balls
Pitching: LHP Earl Holliday
Batting: SHB Ben Summers 0-0: Called Strike
0-1: Ball
1-1: Grounds into double play, 6-4-3 (Groundball, 6)
Batting: RHB Jeff Mason 0-0: Ball
1-0: Called Strike
1-1: Called Strike
1-2: Fly out, F9 (Popup, 9LS)
Top of the 8th over - 0 run(s), 0 hit(s), 0 error(s), 0 left on base; Purdue 0 - Alabama 2
BOTTOM OF THE 8TH
Alabama Crimson Tide batting - Pitching for Purdue Boilermakers : RHP Scot Wright
Batting: LHB Carlos Osorio 0-0: Ball
1-0: Called Strike
1-1: Ball
2-1: Ball
3-1: Base on Balls
Pitching: RHP Michael Morris
Batting: LHB Mike Godfrey 0-0: Ball
1-0: Foul Ball, location: 2F
1-1: Foul Ball, location: 2F
1-2: Fly out, F7 (Popup, 7LS)
Batting: LHB Davey Davis 0-0: Ball
1-0: Foul Ball, location: 2F
1-1: SINGLE (Line Drive, 78S)
Carlos Osorio to second
Batting: LHB Miguel Colón 0-0: Foul Ball, location: 2F
0-1: Ball
1-1: Swinging Strike
1-2: Strikes out swinging
Batting: RHB Eddie Howell 0-0: Ball
1-0: Swinging Strike
1-1: Fielders Choice at 2nd, U6 (Groundball, 6M)
Bottom of the 8th over - 0 run(s), 1 hit(s), 0 error(s), 2 left on base; Purdue 0 - Alabama 2
TOP OF THE 9TH
Purdue Boilermakers batting - Pitching for Alabama Crimson Tide : LHP Earl Holliday
Pitching: RHP Jesús Báez
Now in CF: Alan Garland
Batting: RHB Bill Crawley 0-0: Called Strike
0-1: Ball
1-1: Ball
2-1: Fly out, F8 (Flyball, 8LM)
Batting: RHB Juan Castillo 0-0: Swinging Strike
0-1: Ball
1-1: Called Strike
1-2: Ball
2-2: Fly out, F9 (Flyball, 9M)
Batting: LHB Ray Bryant 0-0: Called Strike
0-1: Ball
1-1: DOUBLE (Line Drive, 9LS)
Batting: RHB John Martin 0-0: Ball
1-0: Called Strike
1-1: Ground out 6-3 (Groundball, 56)
Top of the 9th over - 0 run(s), 1 hit(s), 0 error(s), 1 left on base; Purdue 0 - Alabama 2
This league is powered by Out of the Park Baseball, the baseball management simulation game for PC, Mac and Linux
Wednesday, December 2nd, 2015 - OOTP Baseball 16.8 Build 38